[Event "5th Ordu Open 2019"]
[Site "Ordu"]
[Date "2019.05.02"]
[Round "6.10"]
[White "Gozubuyukoglu, Selami"]
[Black "Aktas, Ilker"]
[Result "0-1"]
[ECO "B90"]
[WhiteElo "1818"]
[BlackElo "1861"]
[Annotator "NA"]
[PlyCount "93"]
[EventDate "2019.04.29"]
[EventType "swiss"]
[EventCountry "TUR"]
[SourceTitle "playchess.com"]
[Source "ChessBase"]
[SourceQuality "1"]
[TimeControl "5400+30"]

1. e4 c5 2. Nf3 d6 3. d4 cxd4 4. Nxd4 Nf6 5. Nc3 a6 6. Be3 e5 7. Nb3 Be6 8. f3 Be7 9. Qd2 Nbd7 10. O-O-O b5 11. g4 b4 12. Nd5 Bxd5 13. exd5 Nb6 14. Qxb4 Nfxd5 15. Bxb6 Nxb6 16. Qe4 Qc7 17. Bd3 d5 18. Qe2 O-O 19. c3 a5 20. Nd2 Na4 21. Nb1 Bg5+ 22. Kc2 Rfc8 23. Bb5 Nb6 24. a4 d4 25. h4 Bf4 26. h5 Nd5 27. Qe4 Ne3+ 28. Kb3 Rab8 29. Ka2 Nxd1 30. Rxd1 Rxb5 31. axb5 Qc4+ 32. b3 Qxb5 33. Na3 Qb6 34. cxd4 a4 35. bxa4 g6 36. hxg6 hxg6 37. Rb1 Qa5 38. d5 Qd2+ 39. Rb2 Qd1 40. Rb1 Qd2+ 41. Rb2 Qd1 42. Rb1 Bc1 43. Nb5 Qd2+ 44. Kb3 Qd1+ 45. Ka2 Rc2+ 46. Ka1 Qd2 47. Nc3 0-1

[Event "5th Ordu Open 2019"]
[Site "Ordu"]
[Date "2019.05.02"]
[Round "6.11"]
[White "Elashvili, Giorgi"]
[Black "Ceylan, Metin"]
[Result "0-1"]
[ECO "C05"]
[WhiteElo "1833"]
[BlackElo "1786"]
[Annotator "NA"]
[PlyCount "82"]
[EventDate "2019.04.29"]
[EventType "swiss"]
[EventCountry "TUR"]
[SourceTitle "playchess.com"]
[Source "ChessBase"]
[SourceQuality "1"]
[TimeControl "5400+30"]

1. e4 e6 2. d4 d5 3. Nd2 Nf6 4. e5 Ng8 5. Bd3 c5 6. c3 Nc6 7. Ne2 Qb6 8. O-O cxd4 9. cxd4 Nxd4 10. Nxd4 Qxd4 11. Bb5+ Bd7 12. Bxd7+ Kxd7 13. Qe2 Ne7 14. Qb5+ Kc7 15. Nf3 Qb6 16. Qe2 Nc6 17. Ng5 Bc5 18. Nxf7 Rhf8 19. Ng5 Rae8 20. Nf3 Rf5 21. a3 Ref8 22. b4 Nd4 23. Nxd4 Bxd4 24. Be3 Rxe5 25. Qc2+ Kd6 26. Bxd4 Qxd4 27. Rac1 Qb6 28. a4 Ref5 29. a5 Qc6 30. Qb2 Qd7 31. b5 e5 32. b6 a6 33. Rc7 Qa4 34. Qc3 R5f7 35. Re1 Qd4 36. Qa3+ Ke6 37. Qh3+ Rf5 38. Rf1 e4 39. Qxh7 Rxf2 40. Qh3+ R2f5+ 41. Kh1 Ke5 0-1

[Event "5th Ordu Open 2019"]
[Site "Ordu"]
[Date "2019.05.02"]
[Round "6.12"]
[White "Aydin, Aytac"]
[Black "Dikilitas, Beren"]
[Result "1/2-1/2"]
[ECO "B07"]
[WhiteElo "1473"]
[BlackElo "1364"]
[Annotator "NA"]
[PlyCount "100"]
[EventDate "2019.04.29"]
[EventType "swiss"]
[EventCountry "TUR"]
[SourceTitle "playchess.com"]
[Source "ChessBase"]
[SourceQuality "1"]
[TimeControl "5400+30"]

1. d4 Nf6 2. Nf3 g6 3. Nbd2 Bg7 4. e4 d6 5. Bd3 O-O 6. O-O c5 7. c3 Nbd7 8. Re1 cxd4 9. cxd4 e5 10. d5 Nc5 11. Bf1 a5 12. b3 Nxd5 13. Nc4 Nc3 14. Qc2 N3xe4 15. Rd1 Bf5 16. Nxd6 Nxd6 17. Qxc5 Ne4 18. Rxd8 Nxc5 19. Rd5 e4 20. Ne5 Nd3 21. Bxd3 exd3 22. Bd2 a4 23. b4 Rfd8 24. Rc5 Rac8 25. Re1 b6 26. Rxc8 Rxc8 27. Nf3 Bc3 28. Rc1 Bxd2 29. Rxc8+ Bxc8 30. Nxd2 a3 31. Nb1 Be6 32. Kf1 Bxa2 33. Nxa3 Bd5 34. f3 g5 35. h3 h5 36. Ke1 g4 37. hxg4 hxg4 38. fxg4 Bxg2 39. Kd2 Be4 40. Nc4 f6 41. Nxb6 Bf3 42. Kxd3 Bxg4 43. Nd5 Kf7 44. b5 Bc8 45. Nxf6 Kxf6 46. b6 Bb7 47. Kc3 Ke6 48. Kb2 Kd6 49. Kc3 Kc6 50. Kd4 Kxb6 1/2-1/2

[Event "5th Ordu Open 2019"]
[Site "Ordu"]
[Date "2019.05.02"]
[Round "6.13"]
[White "Caymaz, Umit Oguz"]
[Black "Onmus, Arif"]
[Result "1-0"]
[ECO "A34"]
[WhiteElo "1442"]
[BlackElo "1527"]
[Annotator "NA"]
[PlyCount "41"]
[EventDate "2019.04.29"]
[EventType "swiss"]
[EventCountry "TUR"]
[SourceTitle "playchess.com"]
[Source "ChessBase"]
[SourceQuality "1"]
[TimeControl "5400+30"]

1. Nf3 Nf6 2. c4 c5 3. Nc3 Nc6 4. Nd5 e6 5. Nxf6+ Qxf6 6. e3 Be7 7. a3 O-O 8. h4 d5 9. Qc2 d4 10. Ng5 Qh6 11. f4 e5 12. g3 f5 13. d3 Re8 14. Bg2 dxe3 15. Bd5+ Kf8 16. Bxe3 Bxg5 17. hxg5 Qd6 18. O-O-O g6 19. Rxh7 Be6 20. Qh2 Bxd5 21. Qh6+ 1-0

[Event "5th Ordu Open 2019"]
[Site "Ordu"]
[Date "2019.05.02"]
[Round "6.14"]
[White "Kvikvinia, Teimuraz"]
[Black "Civelek, Mehmet Eren"]
[Result "1-0"]
[ECO "B60"]
[WhiteElo "1592"]
[BlackElo "1260"]
[Annotator "NA"]
[PlyCount "117"]
[EventDate "2019.04.29"]
[EventType "swiss"]
[EventCountry "TUR"]
[SourceTitle "playchess.com"]
[Source "ChessBase"]
[SourceQuality "1"]
[TimeControl "5400+30"]

1. e4 c5 2. Nf3 Nc6 3. d4 cxd4 4. Nxd4 Nf6 5. Nc3 d6 6. Bg5 Qb6 7. Nb3 Qd8 8. Be2 g6 9. Bxf6 exf6 10. O-O Be7 11. Qd2 O-O 12. Rad1 a6 13. Nd5 Kg7 14. f3 f5 15. Nxe7 Qxe7 16. Qxd6 Qxd6 17. Rxd6 Re8 18. Bd3 fxe4 19. Bxe4 Nb4 20. a3 f5 21. Bxb7 Bxb7 22. axb4 Kh8 23. Nc5 Bc8 24. Rfd1 Re2 25. Rd8+ Kg7 26. R1d2 Re1+ 27. Kf2 Re5 28. f4 Re7 29. Re2 Rf7 30. Ree8 Rc7 31. Ne6+ Bxe6 32. Rxa8 Rxc2+ 33. Kg3 Bd5 34. Ra7+ Kh6 35. Ree7 Bg8 36. Ra8 Bd5 37. Rh8 g5 38. Rhxh7+ Kg6 39. Rhg7+ Kh6 40. fxg5+ Kh5 41. h4 f4+ 42. Kxf4 Rc4+ 43. Kf5 Kxh4 44. g6 Bxg2 45. Rh7+ Kg3 46. g7 Rf4+ 47. Ke5 Re4+ 48. Kd6 Rd4+ 49. Kc5 Rd5+ 50. Kc4 Rg5 51. g8=Q Bf1+ 52. Kd4 Rxg8 53. Rhg7+ Rxg7 54. Rxg7+ Kh4 55. Kc5 Kh5 56. Kb6 Kh6 57. Ra7 Kg6 58. Rxa6 Bxa6 59. Kxa6 1-0

[Event "5th Ordu Open 2019"]
[Site "Ordu"]
[Date "2019.05.02"]
[Round "6.15"]
[White "Iakobadze, Ucha"]
[Black "Lortkipanidze, Goga"]
[Result "1/2-1/2"]
[ECO "D40"]
[WhiteElo "1387"]
[BlackElo "1324"]
[Annotator "NA"]
[PlyCount "74"]
[EventDate "2019.04.29"]
[EventType "swiss"]
[EventCountry "TUR"]
[SourceTitle "playchess.com"]
[Source "ChessBase"]
[SourceQuality "1"]
[TimeControl "5400+30"]

1. d4 Nf6 2. e3 d5 3. c4 e6 4. Nc3 c5 5. Nf3 Nc6 6. g3 dxc4 7. Bxc4 Nd5 8. Nxd5 exd5 9. Bb5 Bd7 10. Bxc6 Bxc6 11. O-O c4 12. Ne5 Qc7 13. Qf3 Bd6 14. Nxc6 Qxc6 15. b3 cxb3 16. axb3 O-O 17. Ba3 Bxa3 18. Rxa3 Qd6 19. Rfa1 a6 20. Ra5 Rfd8 21. b4 b5 22. Qf4 Qxf4 23. exf4 Rd6 24. Kg2 Rb6 25. Rc1 f5 26. Rc5 Rd8 27. f3 Re6 28. g4 g6 29. h3 h5 30. g5 Rdd6 31. h4 Kf7 32. Rc7+ Re7 33. Rxe7+ Kxe7 34. Ra1 Rc6 35. Kg3 Kd7 36. Re1 Re6 37. Re5 Ke8 1/2-1/2

[Event "5th Ordu Open 2019"]
[Site "Ordu"]
[Date "2019.05.02"]
[Round "6.16"]
[White "Makhatadze, Khatia"]
[Black "Say, Efe"]
[Result "1-0"]
[ECO "B53"]
[WhiteElo "1293"]
[BlackElo "1227"]
[Annotator "NA"]
[PlyCount "129"]
[EventDate "2019.04.29"]
[EventType "swiss"]
[EventCountry "TUR"]
[SourceTitle "playchess.com"]
[Source "ChessBase"]
[SourceQuality "1"]
[TimeControl "5400+30"]

1. e4 c5 2. Nf3 d6 3. d4 cxd4 4. Qxd4 a6 5. Nc3 Nc6 6. Qd3 Nf6 7. Bg5 e6 8. O-O-O Be7 9. Bxf6 Bxf6 10. Qxd6 Qb6 11. e5 Be7 12. Qd2 O-O 13. Bd3 Rd8 14. h4 Qa5 15. Qf4 b5 16. Qe4 g6 17. Qxc6 Bd7 18. Qe4 b4 19. Ne2 Qxa2 20. Qc4 Qa1+ 21. Kd2 Qa5 22. Ra1 Qb6 23. Qd4 Bc5 24. Qf4 Bb5 25. Ng5 Ra7 26. h5 Bxd3 27. cxd3 Qb5 28. hxg6 Qxd3+ 29. Ke1 fxg6 30. Nxe6 Bxf2+ 31. Qxf2 Qd2+ 32. Kf1 Qd1+ 33. Rxd1 Rxd1+ 34. Qe1 Rf7+ 35. N6f4 Rxe1+ 36. Kxe1 Re7 37. e6 g5 38. Nh3 Rxe6 39. Nxg5 Rg6 40. Nxh7 Rxg2 41. Nf6+ Kf7 42. Nd5 a5 43. Rh6 Rg5 44. Nef4 Re5+ 45. Kd2 Rf5 46. Ra6 Rg5 47. Ra7+ Ke8 48. Nf6+ Kd8 49. Ne6+ Kc8 50. Nxg5 Kb8 51. Rxa5 Kc7 52. Rb5 Kc6 53. Rxb4 Kc5 54. Kc3 Kd6 55. Rb5 Kc6 56. Kc4 Kd6 57. Rd5+ Kc6 58. b4 Kb6 59. b5 Kc7 60. Ne6+ Kb6 61. Rd6+ Kb7 62. Kc5 Ka7 63. b6+ Ka6 64. Rd7 Ka5 65. Ra7# 1-0

[Event "5th Ordu Open 2019"]
[Site "Ordu"]
[Date "2019.05.02"]
[Round "6.17"]
[White "Sen, Kamil"]
[Black "Yuceturk, Hakan"]
[Result "1-0"]
[ECO "A42"]
[WhiteElo "1205"]
[BlackElo "1037"]
[Annotator "NA"]
[PlyCount "73"]
[EventDate "2019.04.29"]
[EventType "swiss"]
[EventCountry "TUR"]
[SourceTitle "playchess.com"]
[Source "ChessBase"]
[SourceQuality "1"]
[TimeControl "5400+30"]

1. c4 d6 2. Nc3 g6 3. e4 Bg7 4. d4 Nc6 5. Be3 e5 6. d5 Nd4 7. Be2 Ne7 8. g4 c6 9. h3 O-O 10. b4 Qb6 11. Rb1 Qc7 12. Bd3 cxd5 13. exd5 f5 14. Bxd4 exd4 15. Nb5 Qd8 16. g5 Re8 17. Kf1 Bd7 18. Nxd6 Rf8 19. Nxb7 Qc7 20. Nc5 a5 21. Nxd7 Qxd7 22. b5 Nc8 23. Qf3 Nd6 24. Ne2 Qe7 25. h4 Ne4 26. Rd1 Rae8 27. Nf4 Qb4 28. Kg2 Nd2 29. Rxd2 Qxd2 30. Ne6 Rf7 31. Bb1 Bh8 32. c5 Qb4 33. b6 Rd7 34. c6 Rd6 35. b7 Qc4 36. c7 Rdxe6 37. b8=Q 1-0

[Event "5th Ordu Open 2019"]
[Site "Ordu"]
[Date "2019.05.02"]
[Round "6.18"]
[White "Sahin, Taha"]
[Black "Ozcoban, Samet"]
[Result "1-0"]
[ECO "C42"]
[WhiteElo "1557"]
[BlackElo "1036"]
[Annotator "NA"]
[PlyCount "99"]
[EventDate "2019.04.29"]
[EventType "swiss"]
[EventCountry "TUR"]
[SourceTitle "playchess.com"]
[Source "ChessBase"]
[SourceQuality "1"]
[TimeControl "5400+30"]

1. e4 Nf6 2. Nc3 d6 3. Nf3 e5 4. Bc4 Bg4 5. h3 Bh5 6. d3 h6 7. Be3 c6 8. Bb3 Nbd7 9. Qe2 Nb6 10. g4 Bg6 11. g5 hxg5 12. Bxg5 Be7 13. O-O-O Qd7 14. h4 Bh5 15. Rdg1 O-O-O 16. Be3 Qc7 17. Rxg7 Ng4 18. Bxf7 Bxf7 19. Rxf7 Nxe3 20. fxe3 Rdg8 21. d4 a6 22. Rh3 Qd7 23. Qh2 Qe6 24. Rf5 Nc4 25. d5 cxd5 26. Nxd5 Rg4 27. Nxe7+ Qxe7 28. Ng5 Qg7 29. Qe2 Rg1+ 30. Rf1 Rxf1+ 31. Qxf1 b5 32. b3 Rxh4 33. Qf5+ Qd7 34. Qxd7+ Kxd7 35. Rxh4 Nxe3 36. Kd2 Ng2 37. Rh2 Nf4 38. a4 bxa4 39. bxa4 Kc6 40. Kc3 Kc5 41. Rd2 d5 42. exd5 Nxd5+ 43. Kb3 a5 44. Ne4+ Kc6 45. c4 Nf4 46. Rd6+ Kb7 47. Rh6 Ne2 48. c5 Nd4+ 49. Kc4 Nc6 50. Kb5 1-0

[Event "5th Ordu Open 2019"]
[Site "Ordu"]
[Date "2019.05.03"]
[Round "7.2"]
[White "Haznedaroglu, Kivanc"]
[Black "Isik, Alparslan"]
[Result "0-1"]
[ECO "B07"]
[WhiteElo "2466"]
[BlackElo "2233"]
[Annotator "ChessBase"]
[PlyCount "70"]
[EventDate "2019.04.29"]
[EventType "swiss"]
[EventCountry "TUR"]
[SourceTitle "playchess.com"]
[Source "ChessBase"]
[SourceQuality "1"]
[TimeControl "5400+30"]

1. e4 d6 2. d4 Nf6 3. Nc3 e5 4. Nge2 c6 5. g3 Be7 6. Bg2 b5 7. a3 O-O 8. O-O Nbd7 9. h3 Bb7 10. g4 a5 11. Ng3 b4 12. Nce2 d5 13. axb4 axb4 14. Rxa8 Bxa8 15. exd5 Nxd5 16. dxe5 Nxe5 17. Nd4 Ng6 18. Ndf5 Ngf4 19. Nxe7+ Qxe7 20. Re1 Qc7 21. Bf1 c5 22. Qf3 Ne6 23. Nf5 Ndf4 24. Bxf4 Nxf4 25. Re7 Qb8 26. Qe3 Ng6 27. Rd7 Ne5 28. Bb5 Nf3+ 29. Kg2 Nh4+ 30. Kg1 Nxf5 31. Qxc5 Nh4 32. Bc4 Nf3+ 33. Kf1 Ne5 34. Rc7 Nxc4 35. Qxc4 Qd8 0-1

[Event "5th Ordu Open 2019"]
[Site "Ordu"]
[Date "2019.05.03"]
[Round "7.3"]
[White "Dogan, Nazmi Can"]
[Black "Asgari, Morteza"]
[Result "1/2-1/2"]
[ECO "A48"]
[WhiteElo "2214"]
[BlackElo "2249"]
[Annotator "NA"]
[PlyCount "77"]
[EventDate "2019.04.29"]
[EventType "swiss"]
[EventCountry "TUR"]
[SourceTitle "playchess.com"]
[Source "ChessBase"]
[SourceQuality "1"]
[TimeControl "5400+30"]

1. d4 Nf6 2. Nf3 g6 3. Bg5 Bg7 4. Nbd2 O-O 5. c3 d6 6. e4 c5 7. dxc5 dxc5 8. Bc4 Nc6 9. O-O Qc7 10. Bh4 Nh5 11. Re1 h6 12. Nf1 Rd8 13. Qc2 Bg4 14. Be2 Qf4 15. Bg3 Nxg3 16. hxg3 Qc7 17. Ne3 Bd7 18. Nd5 Qb8 19. Bb5 Kf8 20. a4 Be8 21. a5 e6 22. Ne3 Qc7 23. a6 Rab8 24. Qe2 bxa6 25. Bxa6 Na5 26. Ra2 Rd6 27. Bd3 Qd8 28. Rxa5 Qxa5 29. Nc4 Qd8 30. Nxd6 Qxd6 31. Ra1 Qb6 32. Ra2 Qb3 33. Bc4 Bb5 34. Bxb3 Bxe2 35. Nd2 Rd8 36. Nc4 Bxc4 37. Bxc4 Rd1+ 38. Kh2 Rd2 39. f4 1/2-1/2

[Event "5th Ordu Open 2019"]
[Site "Ordu"]
[Date "2019.05.03"]
[Round "7.6"]
[White "Klekowski, Maciej"]
[Black "Odeev, Handszar"]
[Result "1-0"]
[ECO "E61"]
[WhiteElo "2502"]
[BlackElo "2394"]
[Annotator "RC"]
[PlyCount "81"]
[EventDate "2019.04.29"]
[EventType "swiss"]
[EventCountry "TUR"]
[SourceTitle "playchess.com"]
[Source "ChessBase"]
[SourceQuality "1"]
[TimeControl "5400+30"]

1. d4 Nf6 2. c4 d6 3. Nc3 e5 4. e3 Nbd7 5. g3 g6 6. Bg2 Bg7 7. Nge2 O-O 8. O-O Re8 9. h3 h5 10. e4 a6 11. Bg5 exd4 12. Nxd4 Rb8 13. a4 c6 14. a5 Qc7 15. Re1 c5 16. Nc2 b6 17. Ne3 Bb7 18. Qc2 bxa5 19. Rad1 Bc6 20. Re2 Re6 21. g4 hxg4 22. hxg4 Qb7 23. Bf4 Bf8 24. g5 Ne8 25. Bh3 Rxe4 26. Nxe4 Bxe4 27. Qd2 Bf3 28. Bg2 Bxg2 29. Nxg2 Qb3 30. Rde1 Ng7 31. Bxd6 Nf5 32. Bxb8 Nd4 33. Qf4 Nxe2+ 34. Rxe2 Nxb8 35. Re8 Qd1+ 36. Re1 Qd8 37. Ne3 Be7 38. Rd1 Qc8 39. Nd5 Bd8 40. Re1 Kf8 41. Qh4 1-0

[Event "5th Ordu Open 2019"]
[Site "Ordu"]
[Date "2019.05.03"]
[Round "7.11"]
[White "Rahmatian, Shayan"]
[Black "Aktas, Ilker"]
[Result "0-1"]
[ECO "E20"]
[WhiteElo "1991"]
[BlackElo "1861"]
[Annotator "NA"]
[PlyCount "63"]
[EventDate "2019.04.29"]
[EventType "swiss"]
[EventCountry "TUR"]
[SourceTitle "playchess.com"]
[Source "ChessBase"]
[SourceQuality "1"]
[TimeControl "5400+30"]

1. d4 Nf6 2. c4 e6 3. Nc3 Bb4 4. f3 c5 5. a3 Ba5 6. dxc5 Bxc3+ 7. bxc3 Qa5 8. e4 Qxc5 9. a4 Na6 10. Qd2 Qc7 11. Ne2 Nc5 12. Nd4 a6 13. Ba3 d6 14. Rd1 O-O 15. g4 Rd8 16. e5 Ne8 17. exd6 Rxd6 18. Qg5 b6 19. a5 e5 20. axb6 Rxb6 21. Nf5 Bxf5 22. gxf5 f6 23. Qe3 Rc8 24. Rd5 Rb1+ 25. Kf2 Na4 26. c5 Kh8 27. Qd3 Ra1 28. c4 Qa5 29. Qb3 Qe1+ 30. Kg2 Nc3 31. Bb4 Qe3 32. Qxc3 0-1

[Event "5th Ordu Open 2019"]
[Site "Ordu"]
[Date "2019.05.03"]
[Round "7.12"]
[White "Caymaz, Umit Oguz"]
[Black "Aydin, Aytac"]
[Result "1-0"]
[ECO "E93"]
[WhiteElo "1442"]
[BlackElo "1473"]
[Annotator "NA"]
[PlyCount "97"]
[EventDate "2019.04.29"]
[EventType "swiss"]
[EventCountry "TUR"]
[SourceTitle "playchess.com"]
[Source "ChessBase"]
[SourceQuality "1"]
[TimeControl "5400+30"]

1. Nf3 Nf6 2. c4 g6 3. Nc3 Bg7 4. d4 d6 5. h3 O-O 6. e4 Nbd7 7. Be2 e5 8. d5 Nc5 9. Qc2 a5 10. Be3 Nfd7 11. O-O f5 12. exf5 Rxf5 13. Nd2 b6 14. Bg4 Rf8 15. Nde4 Nxe4 16. Nxe4 Nc5 17. Bxc8 Rxc8 18. Ng5 h6 19. Nf3 Qf6 20. Bxc5 bxc5 21. Nd2 e4 22. b3 Qc3 23. Rac1 Qxc2 24. Rxc2 Rce8 25. Re1 Rf4 26. g3 Rf7 27. Rxe4 Rfe7 28. Rxe7 Rxe7 29. Kf1 Kf7 30. Nf3 Kf6 31. Re2 Rxe2 32. Kxe2 g5 33. g4 Ke7 34. Kd3 Ba1 35. Ke4 Kf6 36. Nd2 Bb2 37. Nf1 Bc3 38. Ng3 Be1 39. Nh5+ Kg6 40. f4 gxf4 41. Nxf4+ Kg5 42. Ne6+ Kh4 43. Nxc7 Kxh3 44. Kf5 Bg3 45. Na6 Kh4 46. Nb8 Be5 47. Nc6 Bg3 48. Nxa5 Bh2 49. Nc6 1-0

[Event "5th Ordu Open 2019"]
[Site "Ordu"]
[Date "2019.05.03"]
[Round "7.15"]
[White "Lortkipanidze, Goga"]
[Black "Makhatadze, Khatia"]
[Result "0-1"]
[ECO "E32"]
[WhiteElo "1324"]
[BlackElo "1293"]
[Annotator "NA"]
[PlyCount "110"]
[EventDate "2019.04.29"]
[EventType "swiss"]
[EventCountry "TUR"]
[SourceTitle "playchess.com"]
[Source "ChessBase"]
[SourceQuality "1"]
[TimeControl "5400+30"]

1. d4 Nf6 2. c4 e6 3. Nc3 Bb4 4. Qc2 O-O 5. Bg5 c5 6. e3 d5 7. Nf3 Nc6 8. Rd1 cxd4 9. Nxd4 Qe7 10. cxd5 exd5 11. Be2 Be6 12. O-O Rfd8 13. Qb3 Bxc3 14. Qxc3 Rac8 15. Qd2 Qb4 16. Nxc6 Qxd2 17. Rxd2 Rxc6 18. Bf3 Rdd6 19. Bxf6 gxf6 20. Rfd1 Rd7 21. h3 Rcd6 22. Rd4 f5 23. g4 fxg4 24. hxg4 Ra6 25. a3 Rb6 26. e4 dxe4 27. Rxd7 Bxd7 28. Bxe4 Bxg4 29. Rd8+ Kg7 30. Rb8 Rxb2 31. Rxb7 Rxb7 32. Bxb7 Kf6 33. Kh2 Ke5 34. Kg3 Bf5 35. f4+ Kd4 36. Bc6 Be4 37. Be8 f6 38. Kg4 Kc3 39. Kh4 Bc2 40. Kh5 a5 41. Kh6 Kd4 42. Kh5 Ke4 43. Kg4 h5+ 44. Kg3 h4+ 45. Kg4 Bd1+ 46. Kxh4 Kxf4 47. Bd7 f5 48. Bxf5 Kxf5 49. Kg3 Ke4 50. Kf2 Kd3 51. Ke1 Bh5 52. Kf2 Kc3 53. Ke3 Kb3 54. a4 Kxa4 55. Kd3 Kb3 0-1

[Event "5th Ordu Open 2019"]
[Site "Ordu"]
[Date "2019.05.04"]
[Round "8.1"]
[White "Pacher, Milan"]
[Black "Dogan, Nazmi Can"]
[Result "1-0"]
[ECO "C78"]
[WhiteElo "2396"]
[BlackElo "2214"]
[Annotator "NA"]
[PlyCount "149"]
[EventDate "2019.04.29"]
[EventType "swiss"]
[EventCountry "TUR"]
[SourceTitle "playchess.com"]
[Source "ChessBase"]
[SourceQuality "1"]
[TimeControl "5400+30"]

1. e4 e5 2. Nf3 Nc6 3. Bb5 a6 4. Ba4 Nf6 5. O-O Bc5 6. d3 d6 7. c3 Ba7 8. Nbd2 O-O 9. h3 Ne7 10. Re1 Ng6 11. Nf1 d5 12. Bg5 dxe4 13. dxe4 Qxd1 14. Raxd1 Be6 15. Bb3 Bxb3 16. axb3 Ne8 17. Be3 Bxe3 18. Nxe3 f6 19. Nd2 Nd6 20. Nec4 Nxc4 21. Nxc4 a5 22. Rd7 Rfc8 23. Red1 Nf8 24. R7d5 b6 25. Ne3 a4 26. b4 a3 27. bxa3 Rxa3 28. c4 Rca8 29. c5 bxc5 30. Rxc5 Ra1 31. Rxa1 Rxa1+ 32. Kh2 Ne6 33. Rc6 Kf7 34. Nd5 Ra7 35. h4 h5 36. g3 Rb7 37. f4 exf4 38. gxf4 g6 39. f5 gxf5 40. exf5 Nd4 41. Rxf6+ Kg7 42. Rg6+ Kf7 43. Rh6 Rb5 44. Rh7+ Kg8 45. Nf6+ Kf8 46. Nd7+ Kg8 47. Nf6+ Kf8 48. Rxc7 Rxf5 49. Nh7+ Kg8 50. Ng5 Rb5 51. Rc8+ Kg7 52. Rc4 Nf5 53. Ne6+ Kf6 54. Nd4 Rd5 55. Nxf5 Kxf5 56. Kg3 Rd3+ 57. Kf2 Rb3 58. Ke2 Ke5 59. Kd2 Kd5 60. Rf4 Ke5 61. Kc2 Rh3 62. Rc4 Kd5 63. Rc5+ Kd4 64. Rxh5 Kc4 65. b5 Rh2+ 66. Kd1 Kd3 67. Ke1 Ke3 68. Kf1 Kf3 69. Rf5+ Kg4 70. Rf8 Rb2 71. Rb8 Kf3 72. Ke1 Ke3 73. Kd1 Kd3 74. Kc1 Rb4 75. b6 1-0

[Event "5th Ordu Open 2019"]
[Site "Ordu"]
[Date "2019.05.04"]
[Round "8.2"]
[White "Isik, Alparslan"]
[Black "Mosadeghpour, Masoud"]
[Result "1-0"]
[ECO "D37"]
[WhiteElo "2233"]
[BlackElo "2514"]
[Annotator "ChessBase"]
[PlyCount "141"]
[EventDate "2019.04.29"]
[EventType "swiss"]
[EventCountry "TUR"]
[SourceTitle "playchess.com"]
[Source "ChessBase"]
[SourceQuality "1"]
[TimeControl "5400+30"]

1. Nf3 Nf6 2. c4 e6 3. d4 d5 4. Nc3 Be7 5. Bf4 O-O 6. e3 b6 7. Bd3 Bb7 8. cxd5 exd5 9. Ne5 Nbd7 10. O-O c5 11. Qf3 a6 12. Bf5 cxd4 13. Nxd7 Nxd7 14. Nxd5 Ne5 15. Nxe7+ Qxe7 16. Bxh7+ Kxh7 17. Qh5+ Kg8 18. Qxe5 Qxe5 19. Bxe5 dxe3 20. fxe3 Rfe8 21. Bd4 b5 22. Rf4 f6 23. g4 Re4 24. Rxe4 Bxe4 25. Rc1 Bd5 26. Rc7 Bxa2 27. g5 Re8 28. gxf6 gxf6 29. Rc6 Re6 30. Rxe6 Bxe6 31. Bxf6 Kf7 32. Bd8 b4 33. e4 b3 34. Kf2 Bg4 35. Kg3 Bh5 36. Kf4 Ke6 37. h4 Bg6 38. Ba5 Bh5 39. Bc3 Bd1 40. Ke3 Bh5 41. Kd4 Bd1 42. Kc5 Bf3 43. Kd4 Bd1 44. Ke3 Bh5 45. Kf4 Bd1 46. Kg5 Bc2 47. e5 Kf7 48. h5 Bd3 49. Kh6 Bc4 50. Bb4 Bd5 51. Kg5 Be4 52. Kf4 Bc2 53. Ke3 Ke6 54. Kd4 Bd1 55. h6 Bc2 56. Ba5 Bh7 57. Bc7 Bg8 58. Kc5 Kd7 59. Bd6 Bh7 60. Kb4 Bg8 61. Ka5 Bh7 62. Kxa6 Bg8 63. Kb5 Bh7 64. Kc4 Bg8+ 65. Kc3 Kc6 66. Bb8 Kd7 67. Kb4 Ke7 68. Bd6+ Kd7 69. Bf8 Ke8 70. Bg7 Kd7 71. e6+ 1-0

[Event "5th Ordu Open 2019"]
[Site "Ordu"]
[Date "2019.05.04"]
[Round "8.4"]
[White "Barski, Radoslaw"]
[Black "Haznedaroglu, Kivanc"]
[Result "1-0"]
[ECO "B12"]
[WhiteElo "2462"]
[BlackElo "2466"]
[Annotator "ChessBase"]
[PlyCount "63"]
[EventDate "2019.04.29"]
[EventType "swiss"]
[EventCountry "TUR"]
[SourceTitle "playchess.com"]
[Source "ChessBase"]
[SourceQuality "1"]
[TimeControl "5400+30"]

1. e4 c6 2. d4 d5 3. e5 Bf5 4. h4 h5 5. Bd3 Bxd3 6. Qxd3 e6 7. Bg5 Be7 8. Nf3 Nh6 9. Bxh6 Rxh6 10. Nc3 Nd7 11. O-O-O c5 12. dxc5 Nxc5 13. Qe3 Rg6 14. Ng5 Qc7 15. Kb1 a6 16. f4 Rc8 17. f5 exf5 18. Nxd5 Qc6 19. Nxe7 Kxe7 20. Rd6 Qxg2 21. Rg1 Qh2 22. Rxg6 fxg6 23. Nf3 Qh3 24. Qg5+ Kd7 25. Qd2+ Ke8 26. Qd5 f4 27. Qg8+ Kd7 28. Qf7+ Kc6 29. Rxg6+ Kb5 30. Nd4+ Ka5 31. a3 Qe3 32. Qc4 1-0

[Event "5th Ordu Open 2019"]
[Site "Ordu"]
[Date "2019.05.04"]
[Round "8.7"]
[White "Neverov, Valeriy"]
[Black "Olcum, Ahmet"]
[Result "0-1"]
[ECO "B07"]
[WhiteElo "2495"]
[BlackElo "2300"]
[Annotator "ChessBase"]
[PlyCount "102"]
[EventDate "2019.04.29"]
[EventType "swiss"]
[EventCountry "TUR"]
[SourceTitle "playchess.com"]
[Source "ChessBase"]
[SourceQuality "1"]
[TimeControl "5400+30"]

1. d4 d6 2. e4 Nf6 3. Nc3 Nbd7 4. Nge2 c5 5. g3 g6 6. Bg2 Bg7 7. O-O O-O 8. a4 cxd4 9. Nxd4 Nc5 10. Re1 Bg4 11. f3 Bd7 12. Be3 Qa5 13. Qb1 Ne6 14. Nce2 Rfc8 15. c3 Nxd4 16. cxd4 d5 17. b4 Qd8 18. e5 Bf5 19. Qb3 Bc2 20. Qa2 Ne8 21. Nf4 Bh6 22. Nxd5 Bxe3+ 23. Nxe3 Qxd4 24. e6 f6 25. Kh1 Bd3 26. Rad1 Rd8 27. Bf1 Qxb4 28. Nd5 Rxd5 29. Qxd5 Bc2 30. Rc1 Bxa4 31. Rb1 Qc3 32. Bb5 Bxb5 33. Qxb5 Qxf3+ 34. Kg1 Nd6 35. Qd7 Kf8 36. Rbd1 Qc3 37. Rc1 Qd4+ 38. Kh1 a5 39. Red1 Qe4+ 40. Kg1 Qe3+ 41. Kg2 Qe2+ 42. Kg1 a4 43. Rf1 Qe3+ 44. Kg2 Qe4+ 45. Kh3 f5 46. Rf4 Qe2 47. Rc7 Re8 48. Rxa4 g5 49. Ra1 h6 50. Rh1 g4+ 51. Kh4 Qe3 0-1

[Event "5th Ordu Open 2019"]
[Site "Ordu"]
[Date "2019.05.04"]
[Round "8.12"]
[White "Bolkvadze, Tedo"]
[Black "Kvikvinia, Teimuraz"]
[Result "1/2-1/2"]
[ECO "E00"]
[WhiteElo "1588"]
[BlackElo "1592"]
[Annotator "NA"]
[PlyCount "144"]
[EventDate "2019.04.29"]
[EventType "swiss"]
[EventCountry "TUR"]
[SourceTitle "playchess.com"]
[Source "ChessBase"]
[SourceQuality "1"]
[TimeControl "5400+30"]

1. d4 Nf6 2. c4 e6 3. g3 b6 4. Bg2 c6 5. e4 d5 6. e5 Nfd7 7. Ne2 Ba6 8. cxd5 cxd5 9. O-O Be7 10. Nbc3 Nc6 11. Be3 O-O 12. Qa4 Bb7 13. f4 Kh8 14. f5 Bg5 15. Bxg5 Qxg5 16. Rf4 Qe7 17. Raf1 a6 18. f6 gxf6 19. exf6 Qd8 20. Qc2 Rg8 21. Rh4 Nf8 22. Rh6 Rg6 23. Qd2 Nb8 24. Rxg6 Nxg6 25. h4 Qg8 26. h5 Nf8 27. Bh3 Nfd7 28. Qh6 Qf8 29. Qg5 Qg8 30. Qh4 h6 31. Rf4 Qg5 32. Qxg5 hxg5 33. Rf2 Nc6 34. Nxd5 Nxd4 35. Nxd4 Bxd5 36. Bg2 Bxg2 37. Kxg2 Kh7 38. g4 Kh6 39. Kh3 Rc8 40. Rd2 Nxf6 41. Nf3 Nd5 42. Ne5 f6 43. Ng6 Kg7 44. Re2 e5 45. Rd2 Rd8 46. Rc2 e4 47. Kg3 Re8 48. a3 a5 49. Rc1 Kf7 50. Rd1 Rd8 51. Re1 e3 52. Kf3 Rc8 53. Rd1 Rd8 54. Re1 Rc8 55. Rd1 Rd8 56. Re1 Re8 57. Rd1 e2 58. Re1 Re3+ 59. Kf2 b5 60. Rxe2 Rxe2+ 61. Kxe2 a4 62. Kd3 Nb6 63. Nh8+ Kg7 64. Ng6 Kf7 65. Nh8+ Kg7 66. Ng6 Kf7 67. Kc3 Nc4 68. Nh8+ Kg7 69. Ng6 Kf7 70. Nh8+ Kg7 71. Ng6 Kf7 72. Nh8+ Kg7 1/2-1/2